 Dungeon Crawl Stone Soup version 0.29-a0-337-g68df138881 (webtiles) character file.

Game seed: 1076096901409541270

1299 Dauddaud the Cleaver (level 8, -3/96 HPs)
             Began as a Minotaur Berserker on Apr 17, 2022.
             Was a Believer of Trog.
             Slain by Pikel
             ... wielding a +1 whip of electrocution
              (19 damage)
             ... on level 5 of the Dungeon.
             The game lasted 00:07:36 (3687 turns).

Dauddaud the Cleaver (Minotaur Berserker)           Turns: 3687, Time: 00:07:36

Health: -3/96      AC: 12    Str: 24    XL:     8   Next: 31%
Magic:  7/7        EV:  8    Int: 11    God:    Trog [**....]
Gold:   173        SH:  0    Dex: 10    Spells: 7/7 levels left

rFire   . . .      SeeInvis .   a - +0 hand axe
rCold   . . .      Faith    .   (no shield)
rNeg    + . .      Spirit   .   u - +0 chain mail
rPois   +          Reflect  .   (helmet restricted)
rElec   .          Harm     .   (no cloak)
rCorr   .          Rampage  .   k - +1 pair of gloves "Xoystru" {rN+ Will- Regen+ Int+7}
Will    .....                   t - +0 pair of boots
Stlth   ..........              (no amulet)
HPRegen 1.06/turn               c - ring of poison resistance
MPRegen 0.10/turn               (no ring)

@: berserking, very quick
A: horns 2, retaliatory headbutt
a: Renounce Religion, Berserk, Trog's Hand


You were on level 5 of the Dungeon.
You worshipped Trog.
Trog was pleased with you.
You visited 1 branch of the dungeon, and saw 5 of its levels.

You collected 173 gold pieces.

Inventory:

Hand Weapons
 a - a +0 hand axe (weapon)
Armour
 b - a +0 animal skin
 f - a +0 ring mail
 k - the +1 pair of gloves "Xoystru" (worn) {rN+ Will- Regen+ Int+7}
   (You found it on level 2 of the Dungeon)

   Int:       It affects your intelligence (+7).
   rN:        It protects you from negative energy.
   Regen:     It increases your rate of health regeneration.
   Will:      It decreases your willpower.
 t - a +0 pair of boots (worn)
 u - a +0 chain mail (worn)
Jewellery
 c - a ring of poison resistance (left hand)
 h - a +6 ring of intelligence
 w - a ring of protection from cold
Wands
 r - a wand of mindburst (25)
Scrolls
 g - a scroll of fog {unknown}
 j - 2 scrolls of identify {unknown}
 l - a scroll of enchant weapon {unknown}
 m - 3 scrolls of teleportation {unknown}
 o - 2 scrolls of vulnerability {unknown}
 p - 2 scrolls of fear {unknown}
 s - a scroll of silence {unknown}
 v - a scroll of amnesia {unknown}
Potions
 d - 3 potions of curing {unknown}
 e - 2 potions of flight {unknown}
 i - a potion of mutation {unknown}
 n - a potion of might {unknown}
 q - 2 potions of heal wounds {unknown}


   Skills:
 - Level 3.6 Fighting
 + Level 12.5 Axes
 - Level 2.4 Armour
 - Level 2.1 Dodging


You had 7 spell levels left.
You didn't know any spells.
Your spell library was empty.

Dungeon Overview and Level Annotations

Branches:
Dungeon (5/15)
 Temple: D:4-7

Altars:
Gozag
Qazlal

Shops:
D:2 (

Annotations:
D:5 Pikel


Innate Abilities, Weirdness & Mutations

You have a pair of horns on your head.
You reflexively headbutt those who attack you in melee.


Message History

You hit Pikel. You headbutt Pikel.
Pikel is moderately wounded.
You slash something!
Pikel hits you with a +1 whip of electrocution.
* * * LOW HITPOINT WARNING * * *
Something hits you but does no damage.
You hit Pikel.
Pikel is moderately wounded.
You closely miss something. You hit Pikel.
Pikel is heavily wounded.
You slash something! Something hits you but does no damage.
Pikel hits you with a +1 whip of electrocution.
* * * LOW HITPOINT WARNING * * *
You are electrocuted!
* * * LOW HITPOINT WARNING * * *
You barely miss Pikel.
Pikel is heavily wounded.
You barely miss something. You closely miss Pikel.
Pikel is heavily wounded.
You miss something. Something hits you but does no damage.
Pikel hits you but does no damage.
You slash Pikel!
Pikel is severely wounded.
You closely miss something. You barely miss Pikel.
Pikel is severely wounded.
You slash something! Trog accepts your kill.
Reactivating autopickup.
You feel a bit more experienced. Pikel hits you but does no damage.
You barely miss Pikel.
Pikel is severely wounded.
You hit Pikel. Your headbutt misses Pikel.
Pikel is severely wounded.
Pikel hits you with a +1 whip of electrocution.
* * * LOW HITPOINT WARNING * * *
You are electrocuted!!
You die...

....# ....# ## ...
.. ...
###.######.#####
........#..#...
.###..##.##.#.####
......).)..!.....#
.......@....#.#.##
#####.K######.# #
..... #.# #####
####.. #.# #...#
... #.# #...# #...
#.#.#...#### #.$.
#.#.#...#... #...
#.#.#...##)#
#.#.#......#


You could see Pikel.

Vanquished Creatures
  Sigmund (D:2)
  A water moccasin (D:4)
  An ice beast (D:5)
  A black bear (D:4)
  A sky beast (D:5)
  4 lemures (D:5)
  A centaur (D:4)
  A phantom (D:4)
  A bullfrog (D:3)
  2 scorpions
  A gnoll sergeant (D:4)
  2 hounds (D:4)
  2 jellies (D:4)
  Jessica (D:2)
  Ijyb (D:5)
  3 iguanas
  An orc wizard (D:3)
  3 adders
  2 worms
  A dart slug (D:1)
  10 orcs
  6 bats
  4 endoplasms
  3 giant cockroaches
  8 goblins
  6 hobgoblins
  5 kobolds
  2 quokkas
  3 ball pythons
  3 frilled lizards
  4 rats
85 creatures vanquished.

Vanquished Creatures (others)
  2 plants (D:4)
2 creatures vanquished.

Grand Total: 87 creatures vanquished

Notes
Turn   | Place    | Note
-------+----------+-------------------------------------------
     0 | D:1      | Dauddaud the Minotaur Berserker began the quest for the
                  | Orb.
     0 | D:1      | Reached XP level 1. HP: 19/19 MP: 0/0
    98 | D:1      | Reached skill level 4 in Axes
   478 | D:1      | Reached XP level 2. HP: 21/26 MP: 1/1
   719 | D:1      | Found a faded altar of an unknown god.
  1129 | D:2      | Reached skill level 5 in Axes
  1129 | D:2      | Reached XP level 3. HP: 25/31 MP: 2/2
  1384 | D:2      | Identified the +1 pair of gloves "Xoystru" {rN+ Will-
                  | Regen+ Int+7}
  1441 | D:2      | Noticed Jessica
  1443 | D:2      | Killed Jessica
  1444 | D:2      | Reached skill level 6 in Axes
  1444 | D:2      | Reached XP level 4. HP: 39/39 MP: 3/3
  1449 | D:2      | Found Timunub's Antique Weapon Shop.
  1493 | D:2      | Noticed Sigmund
  1504 | D:2      | Killed Sigmund
  1505 | D:2      | Reached skill level 7 in Axes
  1505 | D:2      | Reached XP level 5. HP: 34/45 MP: 4/4
  1761 | D:3      | Reached ** piety under Trog
  1762 | D:3      | Reached skill level 8 in Axes
  1769 | D:3      | Reached XP level 6. HP: 49/51 MP: 5/5
  2366 | D:3      | Found an opulent altar of Gozag.
  2485 | D:4      | Reached skill level 9 in Axes
  2498 | D:4      | Noticed a water moccasin
  2516 | D:4      | Killed a water moccasin
  2517 | D:4      | Reached XP level 7. HP: 48/57 MP: 6/6
  2520 | D:4      | Reached skill level 10 in Axes
  3035 | D:4      | Reached skill level 11 in Axes
  3207 | D:4      | Reached XP level 8. HP: 19/64 MP: 7/7
  3344 | D:5      | Entered Level 5 of the Dungeon
  3380 | D:5      | Noticed Ijyb
  3389 | D:5      | Killed Ijyb
  3390 | D:5      | Reached skill level 12 in Axes
  3469 | D:5      | Found a stormy altar of Qazlal.
  3658 | D:5      | Noticed Pikel
  3687 | D:5      | Slain by Pikel

Illustrated notes

Levels and vault maps discovered:
D:1:      dpeg_arrival_stonehenge_8_columns, layout_basic,
          dreamdust_ecumenical_altar_angels_and_demons
D:2:      layout_rooms, serial_shops, shop_statue, uniq_sigmund, uniq_jessica
D:3:      layout_loops_corners, mainiacjoe_overflow_alcove_2,
          supply_closet_lemuel, chequers_decorated_corner,
          chequers_serial_rivers_small_a
D:4:      layout_rooms, serial_bayou_lagoon_a, minmay_manual_macuahuitl
D:5:      layout_basic, lemuel_tele_altar, nicolae_shop_self_help, uniq_pikel,
          uniq_crazy_yiuf_cottage, uniq_ijyb

Skill      XL: |  1  2  3  4  5  6  7  8 |
---------------+-------------------------+-----
Axes           | 4 5 6 7 8 9 11 12 | 12.5
Fighting       | |  3.6
Armour         | |  2.4
Dodging        | |  2.1

Action                   |  1- 3 |  4- 6 |  7- 9 || total
-------------------------+-------+-------+-------++-------
Melee: Hand axe          |    69 |    80 |   135 ||   284
       Headbutt          |     6 |    12 |    21 ||    39
       Punch             |       |     1 |       ||     1
Invok: Berserk           |       |     1 |     3 ||     4
Armor: Animal skin       |    15 |       |       ||    15
       Ring mail         |     6 |    18 |     9 ||    33
       Chain mail        |       |       |    45 ||    45
Dodge: Dodged            |    53 |    35 |    47 ||   135

Table legend: (Time is in decaauts)
 A = Elapsed time spent in this place.
 B = Non-inter-level travel time spent in this place.
 C = Inter-level travel time spent in this place.
 D = Time resting spent in this place.
 E = Time spent auto-exploring this place.
 F = Levels seen in this place.
 G = Mean time per level.
                   A        B        C        D        E       F      G
               +--------+--------+--------+--------+--------+-----+--------+
         Total |   3689 |   3596 |     93 |    169 |   2828 |   5 |  737.8 |
       Dungeon |   3689 |   3596 |     93 |    169 |   2828 |   5 |  737.8 |
               +--------+--------+--------+--------+--------+-----+--------+

Top non-repeatable levels by time:
     D:1: 1122 daAuts
     D:3: 909 daAuts
     D:4: 899 daAuts
     D:2: 423 daAuts
     D:5: 333 daAuts
